 Dungeon Crawl Stone Soup version 0.30.1-11-g7821555f0a (webtiles) character file.

Game seed: 7130184340544803048

5947 safid the Frost Mage (level 10, -8/83 HPs)
             Began as a Merfolk Ice Elementalist on Nov 15, 2023.
             Was an Elder of Vehumet.
             Mangled by a mana viper (12 damage)
             ... on level 3 of the Abyss on Nov 20, 2023.
             The game lasted 00:23:35 (11353 turns).

safid the Frost Mage (Merfolk Ice Elementalist)    Turns: 11353, Time: 00:23:35

Health: -8/83      AC:  7    Str:  8 (9)  XL:     10   Next: 84%
Magic:  19/31      EV: 13    Int: 19      God:    Vehumet [****..]
Gold:   573        SH:  0    Dex:  9      Spells: 15/25 levels left

rFire   + + +        j - +6 whip "Lozihuf" {freeze, rElec rF+++ MP+9 Dex-5}
rCold   . . .        (no shield)
rNeg    + . .        d - +2 robe {rN+}
rPois   .            n - +2 hat
rElec   +            (no cloak)
rCorr   .            (no gloves)
SInv    .            u - +0 pair of boots
Will    .....        (no amulet)
Stlth   ++           F - ring of protection from fire
HPRegen 0.33/turn    (no ring)
MPRegen 0.22/turn

%: no passive effects
@: about to teleport, freezing walls, very slightly contaminated
A: (nimble swimmer 2), mertail, deterioration 1
a: Renounce Religion


You were on level 3 of the Abyss.
You worshipped Vehumet.
Vehumet was greatly pleased with you.
You visited 1 branch of the dungeon, and saw 9 of its levels.
You visited the Abyss 1 time.

You collected 573 gold pieces.

Inventory:

Hand Weapons
 j - the +6 whip "Lozihuf" (weapon) {freeze, rElec rF+++ MP+9 Dex-5}
   (You found it on level 8 of the Dungeon)

   Dex:       It affects your dexterity (-5).
   rF:        It renders you almost immune to fire.
   rElec:     It insulates you from electricity.
   MP:        It affects your magic capacity (+9).
Missiles
 t - 2 curare-tipped darts
 z - a throwing net
Armour
 d - a +2 robe of positive energy (worn)
 k - a +0 helmet
 n - a +2 hat (worn)
 u - a +0 pair of boots (worn)
Jewellery
 F - a ring of protection from fire (left hand)
Wands
 m - a wand of light (3)
 y - a wand of paralysis (12)
 E - a wand of roots (7)
Scrolls
 f - a scroll of fear
 g - 2 scrolls of blinking
 l - 2 scrolls of silence
 o - a scroll of fog
 s - a scroll of magic mapping
 v - a scroll of brand weapon
 B - 2 scrolls of enchant weapon
Potions
 a - 5 potions of brilliance
 b - a potion of magic
 h - 2 potions of flight
 i - a potion of cancellation
 p - 2 potions of mutation
 q - a potion of haste
 r - 2 potions of lignification
 w - a potion of might
 x - a potion of ambrosia {unknown}
 A - 3 potions of invisibility
 C - 2 potions of curing
 D - a potion of berserk rage {unknown}


   Skills:
 + Level 9.6 Fighting
 + Level 6.4 Dodging
 - Level 2.1 Stealth
 + Level 8.4 Spellcasting
 + Level 10.7 Ice Magic


You had 15 spell levels left.
You knew the following spells:

 Your Spells              Type           Power      Damage    Failure   Level
a - Freeze                Ice            100%       1d10      1%          1
b - Frozen Ramparts       Ice            96%        1d15      1%          3
c - Ozocubu's Armour      Ice            48%        N/A       1%          3
d - Hailstorm             Conj/Ice       28%        3d8       1%          3

Your spell library contained the following spells:

 Spells                   Type           Power      Damage    Failure   Level
 Mephitic Cloud           Conj/Pois/Air  7%         N/A       7%          3
 Beastly Appendage        Tmut           14%        N/A       9%          1
 Summon Ice Beast         Ice/Summ       28%        N/A       10%         4
 Sublimation of Blood     Necr           7%         N/A       13%         2
 Wereblood                Tmut           7%         N/A       13%         2
 Spider Form              Tmut/Pois      7%         N/A       26%         3
 Summon Hydra             Summ           3%         N/A       100%        7


Dungeon Overview and Level Annotations

Branches:
Dungeon (9/15)             Temple (0/1) D:6            Lair (0/5) D:8
    Orc: D:9-12

Altars:
Ashenzari
Gozag
Hepliaklqana
Kikubaaqudgha
Makhleb
Qazlal
Sif Muna
Uskayaw
Vehumet
Wu Jian
Xom
Yredelemnul
Zin
The Shining One

Shops:
D:2 [

Annotations:
D:3 exclusion: statue
D:5 3 runed translucent doors, lonewolfV2's ghost, novice FoFi


Innate Abilities, Weirdness & Mutations

((You are very nimble when in or above water. (Stealth+, EV+, Speed+++)))
Your lower body shifts to a powerful aquatic tail in water.
Your body sometimes deteriorates upon taking damage.


Message History

As you read the scroll of teleportation, it crumbles to dust.
You feel strangely unstable.
You feel the power of the Abyss delaying your translocation!
Casting: Hailstorm (safe; 1% risk of failure)
Confirm with . or Enter, or press ? or * to list all spells.
Casting: Frozen Ramparts (safe; 1% risk of failure)
Press: ? - help, Dir - look around, f - activate The walls around you are covered in ice.
The mana viper hisses angrily.
The wall freezes the mana viper!
The mana viper seems to slow down.
The wall freezes the mana viper but does no damage.
The mana viper closely misses you.
Casting: Frozen Ramparts (safe; 1% risk of failure)
Confirm with . or Enter, or press ? or * to list all spells.
You miscast Ozocubu's Armour.
You are very lightly contaminated with residual magic.
Nothing appears to happen.
The wall freezes the mana viper.
The mana viper barely misses you.
Unknown command.
Casting: Ozocubu's Armour (safe; 1% risk of failure)
Confirm with . or Enter, or press ? or * to list all spells.
Aiming: Freeze (safe; 1% risk of failure)
Press: ? - help, Shift-Dir - straight line, f - mana viper
Aim: a mana viper (moderately wounded, slow)
You freeze the mana viper.
The mana viper is moderately wounded.
The mana viper seems to slow down.
The wall freezes the mana viper!
The mana viper seems to slow down.
The mana viper bites you!!
* * * LOW HITPOINT WARNING * * *
Your body deteriorates!
You feel weakened.
You feel your power leaking away.
Unknown command.
Casting: Freeze (safe; 1% risk of failure)
Confirm with . or Enter, or press ? or * to list all spells.
Aiming: Freeze (safe; 1% risk of failure)
Press: ? - help, Shift-Dir - straight line, f/p - mana viper
Aim: a mana viper (moderately wounded, slow)
You freeze the mana viper!
The mana viper is heavily wounded.
The wall freezes the mana viper.
The mana viper bites you!
You die...

# #.# .
..# ..
..# ..
.. # ##
.#.#
#.#..>
# #S#
...#@#
#.#####
# . ⌠
~⌠


You could see a mana viper (slow).

Vanquished Creatures
  A deep elf pyromancer (D:9)
  A komodo dragon (D:8)
  A troll (D:9)
  2 hornets (D:9)
  Sigmund (D:3)
  A basilisk (D:9)
  4 steam dragons
  2 water moccasins
  3 sky beasts
  An orc warrior (D:8)
  3 ice beasts
  2 centaurs
  An ogre (D:5)
  4 kobold brigands
  A bullfrog (D:8)
  5 scorpions
  17 wights
  A howler monkey (D:4)
  6 orc priests
  5 hounds
  2 gnoll boudas
  2 iguanas
  8 orc wizards
  3 sleepcaps
  Ijyb (D:4)
  Natasha (thrice) (D:2)
  7 adders
  13 gnolls
  A shadow imp (D:6)
  2 white imps
  2 ufetubi
  3 worms
  20 orcs
  6 ball pythons
  6 endoplasms
  2 giant cockroaches
  8 goblins
  11 hobgoblins
  8 jackals
  25 kobolds
  4 quokkas
  4 bats
  2 frilled lizards
  4 rats
209 creatures vanquished.

Vanquished Creatures (others)
  A hound (D:6)
  A sleepcap (D:6)
2 creatures vanquished.

Grand Total: 211 creatures vanquished

Notes
Turn   | Place    | Note
-------+----------+-------------------------------------------
     0 | D:1      | safid the Merfolk Ice Elementalist began the quest for the
                  | Orb.
     0 | D:1      | Reached XP level 1. HP: 13/13 MP: 3/3
   189 | D:1      | Reached XP level 2. HP: 20/20 MP: 3/5
   294 | D:1      | Reached skill level 1 in Fighting
   650 | D:1      | Reached XP level 3. HP: 24/26 MP: 4/6
  1229 | D:2      | Learned a level 3 spell: Frozen Ramparts
  1481 | D:2      | Found a faded altar of an unknown god.
  1580 | D:2      | Noticed Natasha
  1581 | D:2      | Found Kiathim's Armour Shoppe.
  1599 | D:2      | Killed Natasha
  1600 | D:2      | Reached skill level 5 in Ice Magic
  1600 | D:2      | Reached XP level 4. HP: 19/33 MP: 3/8
  1944 | D:2      | Noticed Natasha
  1952 | D:2      | Killed Natasha
  2105 | D:2      | Noticed Natasha
  2112 | D:2      | Killed Natasha
  2113 | D:2      | Reached XP level 5. HP: 24/39 MP: 4/9
  2428 | D:3      | Found a radiant altar of Vehumet.
  2428 | D:3      | Noticed a charred statue
  2434 | D:3      | Became a worshipper of Vehumet
  2461 | D:3      | Noticed a centaur
  2468 | D:3      | Killed a centaur
  2474 | D:3      | Learned a level 3 spell: Ozocubu's Armour
  2523 | D:3      | Found a glowing silver altar of Zin.
  2526 | D:3      | Found a stormy altar of Qazlal.
  2526 | D:3      | Found a snail-covered altar of Cheibriados.
  2541 | D:3      | Found an ornate altar of the Wu Jian Council.
  2541 | D:3      | Found a shimmering blue altar of Sif Muna.
  2541 | D:3      | Found a shimmering altar of Xom.
  2552 | D:3      | Reached XP level 6. HP: 47/47 MP: 8/11
  2652 | D:3      | Noticed Sigmund
  2683 | D:3      | Killed Sigmund
  2684 | D:3      | Reached skill level 6 in Ice Magic
  3068 | D:3      | Found an ancient bone altar of Kikubaaqudgha.
  3270 | D:3      | Found a broken altar of Ashenzari.
  3270 | D:3      | Found a burning altar of Makhleb.
  3499 | D:4      | Reached XP level 7. HP: 52/54 MP: 10/13
  3721 | D:4      | Noticed Ijyb
  3738 | D:4      | Killed Ijyb
  3738 | D:4      | Reached * piety under Vehumet
  3738 | D:4      | Offered knowledge of Sandblast by Vehumet.
  4160 | D:4      | Reached skill level 5 in Fighting
  4288 | D:4      | Found an ornate altar of the Wu Jian Council.
  4314 | D:4      | Found a basalt altar of Yredelemnul.
  4417 | D:5      | Entered Level 5 of the Dungeon
  4439 | D:5      | Reached skill level 7 in Ice Magic
  4449 | D:5      | Reached XP level 8. HP: 42/62 MP: 8/15
  4559 | D:5      | Found a runed translucent gate.
  4559 | D:5      | Found a runed translucent gate.
  4559 | D:5      | Found a runed translucent gate.
  4585 | D:5      | Reached skill level 5 in Spellcasting
  5518 | D:5      | Noticed lonewolfV2's ghost (novice FoFi)
  5718 | D:5      | Found a glowing golden altar of the Shining One.
  5921 | D:6      | Reached skill level 8 in Ice Magic
  5931 | D:6      | HP: 2/64 [ice beast (12)]
  6326 | D:6      | Reached XP level 9. HP: 48/71 MP: 11/18
  6467 | D:6      | Reached ** piety under Vehumet
  6523 | D:6      | Offered knowledge of Poisonous Vapours by Vehumet.
  6677 | D:6      | Found a staircase to the Ecumenical Temple.
  6874 | D:6      | Found an opulent altar of Gozag.
  7327 | D:7      | Reached skill level 9 in Ice Magic
  7551 | D:7      | Offered knowledge of Hailstorm by Vehumet.
  7559 | D:7      | Learned a level 3 spell: Hailstorm
  7998 | D:7      | Reached *** piety under Vehumet
  8130 | D:7      | Found a stormy altar of Qazlal.
  8593 | D:8      | Reached XP level 10. HP: 49/81 MP: 14/21
  8782 | D:8      | Offered knowledge of Fulminant Prism by Vehumet.
  8898 | D:8      | Found a hazy altar of Hepliaklqana.
  8955 | D:8      | Reached skill level 10 in Ice Magic
  9572 | D:8      | Identified the +0 chain mail "Waoves" {Int+2}
  9594 | D:8      | Identified the +6 whip "Lozihuf" {freeze, rElec rF+++ MP+9
                  | Dex-5}
  9645 | D:8      | Found a hide-covered altar of Uskayaw.
 10124 | D:8      | Found a staircase to the Lair.
 10148 | D:8      | Reached skill level 5 in Dodging
 10576 | D:9      | Reached **** piety under Vehumet
 10902 | D:9      | Offered knowledge of Mephitic Cloud by Vehumet.
 11070 | D:9      | Noticed a deep elf pyromancer
 11076 | D:9      | Killed a deep elf pyromancer
 11126 | D:9      | Noticed a wizard
 11131 | Abyss:3  | Cast into level 3 of the Abyss (a wizard)
 11179 | Abyss:3  | Found a corrupted altar of Lugonu.
 11197 | Abyss:3  | Noticed a smoke demon
 11204 | Abyss:3  | Noticed a thrashing horror
 11204 | Abyss:3  | Noticed a swamp dragon
 11205 | Abyss:3  | a swamp dragon changed into a mana viper
 11205 | Abyss:3  | Noticed a mana viper (shapeshifter)
 11256 | Abyss:3  | Noticed an eye of devastation
 11274 | Abyss:3  | Found an ancient bone altar of Kikubaaqudgha.
 11274 | Abyss:3  | Gained mutation: Your body sometimes deteriorates upon
                  | taking damage. [a neqoxec]
 11281 | Abyss:3  | Noticed a tentacled starspawn
 11348 | Abyss:3  | Noticed a mana viper
 11352 | Abyss:3  | HP: 3/83 [mana viper (18)]
 11353 | Abyss:3  | Mangled by a mana viper

Illustrated notes

Levels and vault maps discovered:
D:1:      dpeg_arrival_water_temple_mockup, layout_basic, st_stairs_7
D:2:      layout_basic, ebering_ecumenical_altar_sacrificial, serial_shops,
          shop_statue, uniq_natasha
D:3:      layout_loops_cross, mainiacjoe_overflow_alcove_1, vehumet_statue,
          doesnt_xom_only_xom, gammafunk_temple_overflow_wave, uniq_sigmund
D:4:      layout_loops_cross, lemuel_round_altar, nzn_wu_jian_contemplation,
          st_stairs_2, kennysheep_generic_room_5, uniq_ijyb
D:5:      layout_basic, kennysheep_mini_moat, gammafunk_ghost_icy
D:6:      layout_basic, nicolae_gozag_seed_capital, minmay_temple_entry_grid
D:7:      layout_basic, nicolae_qazlal_beasts_of_the_sky
D:8:      layout_rooms, mainiacjoe_overflow_alcove_2,
          nicolae_overflow_hidden_temple, david_lair_shrubbed
D:9:      layout_roguey, orc_0_dummy, minmay_evil_grid
Abyss:3:  base: D:9, guppyfry_abyss_exit_imp_island,
          evilmike_nicolae_abyss_rune_containment_curve, evilmike_abyss_exit_16,
          minivault_19, evilmike_nicolae_abyss_rune_betentacled_crabyss

Skill      XL: |  1  2  3  4  5  6  7  8  9 10 |
---------------+-------------------------------+-----
Fighting       | 1 2 3 4 5 6 8 9 |  9.6
Ice Magic      | 5 6 7 8 9 10 | 10.7
Spellcasting   | 3 4 6 7 8 |  8.4
Dodging        | 3 6 |  6.4
Stealth        | |  2.1

Action                     |  1- 3 |  4- 6 |  7- 9 | 10-12 || total
---------------------------+-------+-------+-------+-------++-------
  Melee: Dagger            |    58 |    64 |   253 |    71 ||   446
         Unarmed           |     2 |       |       |       ||     2
         Punch             |       |       |     6 |       ||     6
         Whip              |       |       |       |    70 ||    70
   Cast: Freeze            |    44 |    30 |    10 |     6 ||    90
         Frozen Ramparts   |       |     6 |    42 |    25 ||    73
         Ozocubu's Armour  |       |     1 |    34 |    20 ||    55
         Hailstorm         |       |       |       |     1 ||     1
    Use: Potion            |       |     2 |     6 |     2 ||    10
         Scroll            |       |       |    14 |     6 ||    20
   Stab: Sleeping          |     2 |     7 |     1 |       ||    10
 Armour: Robe              |    19 |    26 |   162 |    54 ||   261
         Skin              |       |    11 |       |       ||    11
  Dodge: Dodged            |    64 |    62 |   186 |   123 ||   435
